 Dungeon Crawl Stone Soup version 0.30-a0-571-gdf30a72648 (webtiles) character file.

Game seed: 15958986047868128546

39 bande the Shield-Bearer (level 3, -1/23 HPs)
             Began as a Gargoyle Fighter on Dec 30, 2022.
             Slain by Crazy Yiuf
             ... wielding a +3 quarterstaff of chaos
              (3 damage)
             ... on level 2 of the Dungeon.
             The game lasted 00:02:15 (1156 turns).

bande the Shield-Bearer (Gargoyle Fighter)          Turns: 1156, Time: 00:02:16

Health: -1/23      AC: 13    Str: 19    XL:     3   Next: 47%
Magic:  3/3        EV:  7    Int:  8    God:
Gold:   45         SH:  4    Dex: 11    Spells: 2/2 levels left

rFire   . . .      SeeInvis .    a - +0 war axe
rCold   . . .      Faith    .    c - +0 buckler
rNeg    + . .      Spirit   .    l - +0 chain mail
rPois   ∞          Reflect  .    (no helmet)
rElec   +          Harm     .    g - +0 cloak
rCorr   .          Rampage  .    (no gloves)
Will    .....                    (no boots) Stlth
                                 (no amulet)
HPRegen 0.23/turn                (no ring)
MPRegen 0.08/turn                (no ring)

@: hasted, very quick
A: sickness immunity, AC +3, negative energy resistance 1, electricity
resistance, torment resistance 1, petrification resistance
a: no special abilities


You were on level 2 of the Dungeon.
You visited 1 branch of the dungeon, and saw 2 of its levels.

You collected 45 gold pieces.

Inventory:

Hand Weapons
 a - a +0 war axe (weapon)
Armour
 c - a +0 buckler (worn)
 g - a +0 cloak (worn)
 l - a +0 chain mail (worn)
Jewellery
 b - a ring of protection from fire
 i - a +6 ring of dexterity
 n - an amulet of magic regeneration
Scrolls
 f - 6 scrolls of identify
 h - a scroll of poison {unknown}
 m - a scroll of magic mapping
Potions
 d - a potion of might
 e - a potion of invisibility {unknown}
 p - a potion of heal wounds


   Skills:
 + Level 3.6 Fighting
 + Level 2.1 Axes
 + Level 3.7 Armour
 + Level 3.9 Shields


You had 2 spell levels left.
You didn't know any spells.
Your spell library was empty.

Dungeon Overview and Level Annotations

Branches:
Dungeon (2/15)

Altars:

Annotations:
D:2 Crazy Yiuf


Innate Abilities, Weirdness & Mutations

You are immune to sickness and miasma.
Your stone body is resilient. (AC +3)
You are immune to poison.
You resist negative energy. (rN+)
You are resistant to electric shocks. (rElec)
You are resistant to unholy torment.
You are immune to petrification.


Message History

You see here a +0 short sword.
i - a +6 ring of dexterity You see here a +0 short sword.
You see here a +0 hammer.
Could not explore, unopened runed door.
Could not explore, unopened runed door.
You open the door. You slash Crazy Yiuf!
Crazy Yiuf is moderately wounded.
Crazy Yiuf glowers.
Crazy Yiuf barely misses you.
Crazy Yiuf yells, "Leather hand dark!"
Crazy Yiuf hits you with a +3 quarterstaff of chaos.
You closely miss Crazy Yiuf.
Crazy Yiuf is moderately wounded.
Crazy Yiuf twirls on the spot.
Crazy Yiuf hits you but does no damage.
You barely miss Crazy Yiuf.
Crazy Yiuf is moderately wounded.
Crazy Yiuf says, "Mountain alas King!"
Crazy Yiuf hits you with a +3 quarterstaff of chaos!
You feel yourself speed up. Crazy Yiuf hits you but does no damage.
You hit Crazy Yiuf.
Crazy Yiuf is severely wounded.
Crazy Yiuf barely misses you.
You hit Crazy Yiuf but do no damage.
Crazy Yiuf is severely wounded.
You block Crazy Yiuf's attack.
You hit Crazy Yiuf.
Crazy Yiuf is severely wounded.
Crazy Yiuf barely misses you.
You closely miss Crazy Yiuf.
Crazy Yiuf is severely wounded.
Crazy Yiuf hits you with a +3 quarterstaff of chaos.
You hit Crazy Yiuf but do no damage.
Crazy Yiuf is severely wounded.
Crazy Yiuf hits you with a +3 quarterstaff of chaos!
* * * LOW HITPOINT WARNING * * *
Crazy Yiuf burns you.
You die...

#........###....#
#......### #....#
#######
###......# #....#
#......
.).......# #)..##
#.[....
.##......# ##.##
#......
..#)###### #.##
#...... ###...#
##.# #...... #
###.##### #)##
####.## # #.....#
##@# #.## #
#.....# *#g#*
#... # #.....#
*.).* ####
########.###
#.).#
#..........#
#).)#
#.#........#
#####
############
...........#
#...........
...........###
###.......##
####.........#
#.......#


You could see Crazy Yiuf.

Vanquished Creatures
  2 dart slugs (D:1)
  3 giant cockroaches
  3 goblins
  8 hobgoblins
  2 kobolds (D:1)
  A quokka (D:1)
  3 ball pythons
  5 bats
  5 frilled lizards
  A rat (D:2)
33 creatures vanquished.

Notes
Turn   | Place    | Note
-------+----------+-------------------------------------------
     0 | D:1      | bande the Gargoyle Fighter began the quest for the Orb.
     0 | D:1      | Reached XP level 1. HP: 14/14 MP: 1/1
    56 | D:1      | Reached XP level 2. HP: 12/19 MP: 2/2
   386 | D:1      | Reached XP level 3. HP: 23/23 MP: 3/3
  1076 | D:2      | Found a runed translucent door.
  1077 | D:2      | Noticed Crazy Yiuf
  1156 | D:2      | Slain by Crazy Yiuf

Illustrated notes

Levels and vault maps discovered:
D:1:      moated_graveyard_arrival, layout_basic
D:2:      layout_basic, roderic_roman_lattice, uniq_crazy_yiuf_cottage

Skill      XL: |  1  2 |
---------------+-------+-----
Axes           | 2 |  2.1
Fighting       | |  3.6
Armour         | |  3.7
Shields        | |  3.9

Action                   || total
-------------------------++-------
Melee: War axe           ||    86
  Use: Scroll            ||     8
Armor: Scale mail        ||    31
       Chain mail        ||    16
Dodge: Dodged            ||    49
Block: Buckler           ||    19

Table legend: (Time is in decaauts)
 A = Elapsed time spent in this place.
 B = Non-inter-level travel time spent in this place.
 C = Inter-level travel time spent in this place.
 D = Time resting spent in this place.
 E = Time spent auto-exploring this place.
 F = Levels seen in this place.
 G = Mean time per level.
                   A        B        C        D        E       F      G
               +--------+--------+--------+--------+--------+-----+--------+
         Total |   1192 |   1192 |      0 |      0 |    885 |   2 |  596.0 |
       Dungeon |   1192 |   1192 |      0 |      0 |    885 |   2 |  596.0 |
               +--------+--------+--------+--------+--------+-----+--------+

Top non-repeatable levels by time:
     D:2: 651 daAuts
     D:1: 540 daAuts
